 Dungeon Crawl Stone Soup version 0.22.1-1-ga44c0e5 (webtiles) character file.

140 Fang the Skirmisher (level 5, 0/33 HPs)
             Began as a Gargoyle Berserker on Oct 24, 2018.
             Was a Believer of Trog.
             Slain by a kobold (1 damage)
             ... on level 3 of the Dungeon.
             The game lasted 00:01:28 (1705 turns).

Fang the Skirmisher (Gargoyle Berserker)            Turns: 1705, Time: 00:01:28

Health: 0/33       AC:  6    Str: 21    XL:     5   Next: 23%
Magic:  5/5        EV: 12    Int:  8    God:    Trog [**....]
Gold:   136        SH:  0    Dex:  9    Spells: 4/4 levels left

rFire    . . .     SeeInvis .   a - +0 hand axe
rCold    . . .     Gourm    .   (no shield)
rNeg     + . .     Faith    +   b - +0 animal skin
rPois    ∞         Spirit   .   (no helmet)
rElec    +         Reflect  .   (no cloak)
rCorr    .         Harm     .   (no gloves)
MR       .....                  (no boots)
Stlth    +.........             k - amulet of faith
HPRegen  0.11/turn              (no ring)
MPRegen  0.09/turn              (no ring)

@: berserk cooldown, fainting, slowed, very slow
A: negative energy resistance 1, electricity resistance, unbreathing,
petrification resistance, rot immunity, AC +4
a: Berserk, Trog's Hand, Renounce Religion


You were on level 3 of the Dungeon.
You worshipped Trog.
Trog was pleased with you.
You were fainting.

You visited 1 branch of the dungeon, and saw 3 of its levels.

You collected 136 gold pieces.

Inventory:

Hand Weapons
 a - a +0 hand axe (weapon)
Armour
 b - a +0 animal skin (worn)
Jewellery
 k - an amulet of faith (around neck)
Scrolls
 e - 3 scrolls of immolation {unknown}
 f - 3 scrolls of identify {unknown}
 g - 2 scrolls of fog {unknown}
 i - a scroll of amnesia {unknown}
 j - a scroll of teleportation {unknown}
Potions
 d - a potion of might {unknown}
 h - a potion of berserk rage {unknown}
Comestibles
 c - 7 rations


   Skills:
 + Level 4.3 Fighting
 + Level 4.0 Axes
 + Level 2.3 Armour
 + Level 2.3 Dodging
 + Level 1.0 Stealth


You had 4 spell levels left.
You didn't know any spells.
Your spell library was empty.

Dungeon Overview and Level Annotations

Branches:
Dungeon (3/15)

Altars:
Kikubaaqudgha


Innate Abilities, Weirdness & Mutations

You are resistant to torment.
Your stone body is resilient. (AC +4)
You are immune to poison.
You resist negative energy. (rN+)
You are resistant to electric shocks. (rElec)
You can survive without breathing.
You are immune to petrification.
You are immune to rotting.


Message History

You hit the kobold. The goblin closely misses you.
The kobold hits you but does no damage. The goblin closely misses you.
You closely miss the goblin.
The goblin is severely wounded.
You hit the kobold. The kobold closely misses you.
The goblin barely misses you. The kobold misses you.
Unknown command.
You hit the goblin.
You kill the goblin!
Trog accepts your kill.
You closely miss the kobold. The kobold hits you.
* * * LOW HITPOINT WARNING * * *
The kobold hits you but does no damage.
Unknown command.
The kobold hits you.
* * * LOW HITPOINT WARNING * * *
You closely miss the kobold.
The kobold is severely wounded.
The kobold hits you.
You die...

.######
.#######........#
........#..$....#
........#.......
.............
..........#
#.......#
#K@.....#
#...((..#
#....†..####.#
#..((((......#
#.####..####.#
#.####.....#
#.......(#(#
#######..# ..
##.# .####


You could see a kobold.

Vanquished Creatures
  An orc wizard (D:3)
  A worker ant (D:3)
  3 adders
  An ooze (D:1)
  5 dart slugs
  A leopard gecko (D:1)
  3 orcs (D:3)
  A giant cockroach (D:2)
  5 goblins
  4 hobgoblins
  10 bats
  5 frilled lizards
  5 kobolds
  6 rats
51 creatures vanquished.

Notes
Turn   | Place    | Note
-------+----------+-------------------------------------------
     0 | D:1      | Fang the Gargoyle Berserker began the quest for the Orb.
     0 | D:1      | Reached XP level 1. HP: 14/14 MP: 1/1
    86 | D:1      | Reached XP level 2. HP: 10/19 MP: 2/2
   713 | D:2      | Found an ancient bone altar of Kikubaaqudgha.
   724 | D:2      | Reached XP level 3. HP: 24/24 MP: 3/3
  1277 | D:2      | Reached ** piety under Trog
  1422 | D:3      | Reached XP level 4. HP: 15/29 MP: 4/4
  1645 | D:3      | Reached skill level 1 in Stealth
  1645 | D:3      | Reached XP level 5. HP: 12/33 MP: 5/5
  1704 | D:3      | HP: 1/33 [kobold (2)]
  1705 | D:3      | Slain by a kobold

Skill      XL: |  1  2  3  4  5 |
---------------+----------------+-----
Axes           | 3 4 |  4.0
Fighting       | 4 |  4.3
Dodging        | 2 |  2.3
Stealth        | 1 |  1.0
Armour         | |  2.3

Action                   |  1- 3 |  4- 6 || total
-------------------------+-------+-------++-------
Melee: Hand axe          |   100 |    63 ||   163
Invok: Berserk           |       |     2 ||     2
 Stab: Sleeping          |     2 |       ||     2
  Eat: Chunk             |     1 |     1 ||     2
Armor: Animal skin       |    39 |    36 ||    75
Dodge: Dodged            |    69 |    60 ||   129
